 Dungeon Crawl Stone Soup version 0.32-a0-673-g3729bd50f8 (webtiles) character file.

Game seed: 2152842095762805019

32319 dolemite99 the Cleaver (level 13, -3/103 HPs)
             Began as a Coglin Monk on Mar 11, 2024.
             Was a Priest of Ashenzari.
             Slain by an elephant (14 damage)
             ... on level 4 of the Lair of Beasts.
             The game lasted 00:23:17 (25249 turns).

dolemite99 the Cleaver (Coglin Monk)               Turns: 25249, Time: 00:23:18

Health: -3/103     AC: 18    Str: 13    XL:     13   Next: 63%
Magic:  13/13      EV:  5    Int:  9    God:    Ashenzari [***...]
Gold:   1573       SH:  0    Dex: 18    Spells: 12/12 levels left

rFire   . . .        r - +7 flail {Tejnoor}
rCold   + . .        b - +0 morningstar of Ashenzari's Regret {flame, Haruki, Self, Melee} (curse)
rNeg    + . .        B - +0 plate armour of Ashenzari's Pleiades {rElec, Sorc, Range} (curse)
rPois   .            n - +1 hat "Cursed With Me" {rC+ rN+ Will+ Str-3, Sorc, Bglg} (curse)
rElec   +            (no cloak)
rCorr   .            h - +0 pair of gloves of Ashenzari's Oracle {Sorc, Fort} (curse)
SInv    +            F - +0 pair of boots
Will    +....        (amulet unavailable) Stlth
                     (ring unavailable)
HPRegen 0.37/turn    (ring unavailable)
MPRegen 0.13/turn    (no gizmo)

%: clarity
@: mighty, about to teleport, revving
A: off-hand wielding, slow wielding, warmup strikes, no jewellery
a: Invent Gizmo, Renounce Religion, Shatter the Chains


You were on level 4 of the Lair of Beasts.
You worshipped Ashenzari.
Ashenzari was most pleased with you.
You visited 3 branches of the dungeon, and saw 16 of its levels.

You collected 1573 gold pieces.

Inventory:

Hand Weapons
 a - a +0 hand axe {Wu}
 b - the cursed +0 morningstar of Ashenzari's Regret (offhand) {flame, Haruki, Self, Melee}
   (You took it off a wight on level 8 of the Dungeon)

   It has a curse which improves the following skills: Introspection: Fighting
   and Spellcasting.
   Melee Combat: Short Blades, Long Blades, Axes, Maces & Flails, Polearms,
   Staves and Unarmed Combat.
 r - a +7 flail (weapon) {Tejnoor}
 s - a +1 dagger of venom
 w - a +0 war axe {Chinhae}
 z - a +1 whip of freezing
 D - a +0 trident
Missiles
 o - 2 throwing nets
 q - 22 poisoned darts
 v - 3 boomerangs
 J - 2 javelins (quivered)
Armour
 h - the cursed +0 pair of gloves of Ashenzari's Oracle (worn) {Sorc, Fort}
   (You found it on level 3 of the Lair of Beasts)

   It has a curse which improves the following skills: Sorcery: Conjurations and
   Alchemy.
   Fortitude: Armour and Shields.
 n - the cursed +1 hat "Cursed With Me" (worn) {rC+ rN+ Will+ Str-3, Sorc, Bglg}
   (You acquired it on level 10 of the Dungeon)

   Str-3:     It affects your strength (-3).
   rC+:       It protects you from cold.
   rN+:       It protects you from negative energy.
   Will+:     It increases your willpower.
   It has a curse which improves the following skills: Sorcery: Conjurations and
   Alchemy.
   Beguiling: Hexes and Translocations.
 B - the cursed +0 plate armour of Ashenzari's Pleiades (worn) {rElec, Sorc, Range}
   (You found it on level 1 of the Lair of Beasts)

   rElec:     It insulates you from electricity.
   It has a curse which improves the following skills: Sorcery: Conjurations and
   Alchemy.
   Ranged Combat: Ranged Weapons and Throwing.
 C - a scarf of shadows
 F - a +0 pair of boots (worn)
 K - a +0 plate armour
Scrolls
 d - a scroll of silence
 e - a scroll of torment
 f - 2 scrolls of vulnerability
 k - 5 scrolls of fog
 p - 16 scrolls of identify {@r1}
 t - 2 scrolls of poison
 y - 3 scrolls of teleportation
 A - 2 scrolls of blinking
 E - 6 scrolls of revelation
 H - 2 scrolls of amnesia
Potions
 c - 2 potions of ambrosia
 g - a potion of might
 i - 2 potions of attraction
 j - 2 potions of lignification
 l - a potion of mutation
 m - a potion of magic
 u - a potion of cancellation
 x - a potion of brilliance
 G - a potion of curing


   Skills:
 - Level 8.2(9.8) Fighting
 - Level 3.0(4.3) Short Blades
 - Level 13.2(16.7) Axes
 - Level 12.3(15.6) Maces & Flails
 + Level 9.3(10.8) Armour
 - Level 2.6 Dodging
 - Level 6.9 Evocations


You had 12 spell levels left.
You didn't know any spells.
Your spell library contained the following spells:

 Spells                   Type           Power      Damage    Failure   Level
 Magic Dart               Conj           0%         1d3       100%        1
 Summon Small Mammal      Summ           0%         N/A       100%        1
 Searing Ray              Conj           0%         2d4       100%        2
 Call Canine Familiar     Summ           0%         N/A       100%        3
 Frozen Ramparts          Ice            0%         1d1       100%        3
 Ozocubu's Armour         Ice            0%         N/A       100%        3
 Sigil of Binding         Hex            0%         N/A       100%        3
 Dimensional Bullseye     Hex/Tloc       0%         N/A       100%        4
 Fulminant Prism          Conj/Alch      0%         3d5       100%        4
 Leda's Liquefaction      Alch/Erth      0%         N/A       100%        4
 Petrify                  Alch/Erth      0%         N/A       100%        4
 Summon Blazeheart Golem  Fire/Summ      0%         N/A       100%        4
 Metabolic Englaciation   Hex/Ice        0%         N/A       100%        5
 Sculpt Simulacrum        Ice/Alch       0%         N/A       100%        6
 Malign Gateway           Summ/Tloc      0%         N/A       100%        7
 Summon Horrible Things   Summ           0%         N/A       100%        8


Dungeon Overview and Level Annotations

Branches:
Dungeon (11/15)            Temple (1/1) D:4            Lair (4/5) D:8
 Shoals (0/4) Lair:2        Snake (0/4) Lair:2          Orc (0/2) D:11
  Slime: Lair:4-5

Altars:
Ashenzari
Cheibriados
Dithmenos
Elyvilon
Fedhas
Gozag
Hepliaklqana
Kikubaaqudgha
Makhleb
Nemelex Xobeh
Okawaru
Qazlal
Ru
Sif Muna
Trog
Uskayaw
Vehumet
Wu Jian
Xom
Yredelemnul
Zin
The Shining One
Beogh

Shops:
D:2 (   D:7 :

Annotations:
D:5 1 transporter, occam's ghost, amateur CoHu
Lair:1 3 runed translucent doors, Gadrel's ghost, novice CoFE; Vadun's ghost, journeyman MiMo
Lair:3 exclusion: oklob plant


Innate Abilities, Weirdness & Mutations

You can wield a second weapon in your off-hand.
It takes a long time for you to wield or remove held weapons.
Your first few attacks do less damage.
You cannot equip rings or amulets.


Message History

The bullfrog hits you but does no damage.
The elephant barely misses you.
The elephant trunk-slaps you but does no damage.
The elephant tramples you!
You hold your ground!
The elephant trunk-slaps you but does no damage.
You closely miss the bullfrog with your +7 flail.
You sock the bullfrog with the cursed +0 morningstar of Ashenzari's Regret!
You burn the bullfrog. The bullfrog completely misses you.
The elephant tramples you but does no damage.
The elephant trunk-slaps you.
The elephant tramples you but does no damage.
The elephant barely misses you.
You puncture the elephant with the cursed +0 morningstar of Ashenzari's Regret!
You burn the elephant.
You kill the elephant!
The bullfrog hits you but does no damage.
As you read the scroll of teleportation, it crumbles to dust.
You feel strangely unstable. The bullfrog hits you. The elephant tramples you.
You hold your ground!
The elephant trunk-slaps you but does no damage.
The elephant barely misses you.
The elephant trunk-slaps you but does no damage.
The elephant barely misses you. The elephant trunk-slaps you.
The elephant tramples you.
* * * LOW HITPOINT WARNING * * *
You hold your ground!
The elephant trunk-slaps you but does no damage.
The elephant barely misses you. x2
The elephant tramples you but does no damage.
The elephant trunk-slaps you but does no damage.
The elephant tramples you.
* * * LOW HITPOINT WARNING * * *
You hold your ground!
The elephant trunk-slaps you but does no damage.
The elephant tramples you!
* * * LOW HITPOINT WARNING * * *
You hold your ground!
The elephant trunk-slaps you but does no damage.
The elephant tramples you!
You die...

##### ####.YY##
###...÷YY@#
####......FY##
###........####
......÷..###
.⌠...(##.#
..... ### ⌠...⌠
..... ...⌠


You could see 5 elephants and a bullfrog.

Vanquished Creatures
  Snorg (D:11)
  4 two-headed ogres
  Urug (D:11)
  Lodul (D:10)
  Pikel (D:9)
  An elephant (Lair:4)
  3 torpor snails (Lair:3)
  2 black mambas
  7 cane toads
  A water nymph (Lair:2)
  An unseen horror (D:11)
  2 rime drakes
  9 komodo dragons
  A troll (D:10)
  3 polar bears
  A merfolk (Lair:2)
  A hornet (D:10)
  9 blink frogs
  6 wyverns
  2 shadows
  21 yaks
  A warg (D:8)
  A basilisk (Lair:3)
  4 steam dragons
  2 acid dragons (D:11)
  17 water moccasins
  2 black bears
  An orc warrior (D:8)
  2 sky beasts
  An ice beast (D:7)
  8 ogres
  19 wolves
  A lemure (D:9)
  5 centaurs
  2 phantoms
  3 kobold brigands (D:9)
  19 bullfrogs
  2 gnoll sergeants
  3 scorpions
  15 wights
  14 killer bees
  3 electric eels (D:11)
  2 howler monkeys
  5 hounds
  A jelly (D:6)
  A quasit (D:5)
  10 orc priests
  2 sleepcaps (D:6)
  2 iguanas
  10 orc wizards
  6 gnolls
  13 adders
  A shadow imp (D:8)
  2 white imps
  3 dart slugs (D:1)
  29 orcs
  4 ball pythons
  4 bats (D:1)
  6 endoplasms
  4 giant cockroaches
  7 goblins
  9 hobgoblins
  5 jackals
  4 quokkas
  3 frilled lizards
  3 goblin skeletons (D:5)
  A goblin zombie (D:5)
  4 hobgoblin zombies (D:5)
  18 kobolds
  2 orc skeletons (D:5)
  4 rats (D:3)
368 creatures vanquished.

Notes
Turn   | Place    | Note
-------+----------+-------------------------------------------
     0 | D:1      | dolemite99 the Coglin Monk began the quest for the Orb.
     0 | D:1      | Reached XP level 1. HP: 18/18 MP: 1/1
    39 | D:1      | Reached XP level 2. HP: 12/24 MP: 2/2
   697 | D:1      | Reached skill level 1 in Short Blades
   697 | D:1      | Reached XP level 3. HP: 29/29 MP: 3/3
  1294 | D:2      | Found Dodoedosch's Weapon Boutique.
  1396 | D:2      | Reached XP level 4. HP: 26/35 MP: 4/4
  2909 | D:3      | Reached XP level 5. HP: 41/41 MP: 5/5
  2937 | D:3      | Found a broken altar of Ashenzari.
  2937 | D:3      | Found a sparkling altar of Nemelex Xobeh.
  3142 | D:3      | Became a worshipper of Ashenzari the Shackled
  3181 | D:3      | Identified the +2 dagger of Pain and Death {flame, *Noise
                  | +Blink Str+4 Stlth+}
  3527 | D:3      | Reached skill level 1 in Armour
  3915 | D:4      | Noticed an ogre
  3916 | D:4      | Noticed a phantom
  3923 | D:4      | Killed an ogre
  3924 | D:4      | Reached XP level 6. HP: 19/48 MP: 6/6
  4519 | D:4      | Reached * piety under Ashenzari
  4519 | D:4      | Reached ** piety under Ashenzari
  4804 | D:4      | Found a staircase to the Ecumenical Temple.
  4840 | D:4      | Reached XP level 7. HP: 52/55 MP: 7/7
  4859 | Temple   | Entered the Ecumenical Temple
  5138 | D:5      | Entered Level 5 of the Dungeon
  5460 | D:5      | Found a glowing golden altar of the Shining One.
  5471 | D:5      | Reached skill level 4 in Axes
  5799 | D:5      | Found a shimmering altar of Xom.
  5799 | D:5      | Found a hide-covered altar of Uskayaw.
  5809 | D:5      | Reached skill level 5 in Axes
  6493 | D:5      | Found a snail-covered altar of Cheibriados.
  6495 | D:5      | Found an ancient bone altar of Kikubaaqudgha.
  6497 | D:5      | Found a hazy altar of Hepliaklqana.
  6828 | D:5      | Reached XP level 8. HP: 52/62 MP: 8/8
  6982 | D:5      | Found a transporter.
  6983 | D:5      | Noticed occam's ghost (amateur CoHu)
  7249 | D:6      | Found a radiant altar of Vehumet.
  7299 | D:6      | Found a burning altar of Makhleb.
  7299 | D:6      | Noticed a balrug
  7450 | D:6      | Reached skill level 5 in Evocations
  8539 | D:7      | Identified the +10 hand axe of Twilight {freeze, rElec rN++
                  | Str+4}
  8550 | D:7      | Found Paikitz's Vocational Training.
  8594 | D:6      | Reached *** piety under Ashenzari
  8630 | D:7      | Reached skill level 6 in Axes
  9573 | D:7      | Reached skill level 7 in Axes
  9837 | D:8      | Reached XP level 9. HP: 65/66 MP: 9/9
  9903 | D:8      | Reached skill level 8 in Axes
  9925 | D:8      | Reached skill level 9 in Axes
 10419 | D:8      | Noticed a two-headed ogre
 10427 | D:8      | Killed a two-headed ogre
 10489 | D:8      | Reached XP level 10. HP: 74/74 MP: 10/10
 10696 | D:8      | Found a staircase to the Lair.
 10827 | D:8      | Reached XP level 11. HP: 79/79 MP: 11/11
 11236 | D:8      | Noticed a two-headed ogre
 11250 | D:8      | Killed a two-headed ogre
 11251 | D:8      | Reached skill level 5 in Fighting
 12008 | D:9      | Noticed Pikel
 12025 | D:9      | Killed Pikel
 12714 | D:9      | Found a white marble altar of Elyvilon.
 13161 | D:9      | Found a basalt altar of Yredelemnul.
 13242 | D:9      | You fall into a shaft and drop 2 floors!
 13368 | D:10     | Entered Level 10 of the Dungeon
 13587 | D:10     | Noticed a two-headed ogre
 13595 | D:10     | Killed a two-headed ogre
 13596 | D:10     | Reached skill level 10 in Axes
 14094 | D:10     | Identified the +0 ring mail of Xemadit {*Slow rPois rN++
                  | Str-3}
 14228 | D:10     | Noticed Lodul
 14575 | D:10     | Killed Lodul
 15106 | D:10     | Reached skill level 11 in Axes
 15351 | D:10     | Identified a scroll of acquirement
 15395 | D:10     | Reached XP level 12. HP: 90/94 MP: 12/12
 15402 | D:10     | Acquired the +1 hat "Maruynak" {rC+ rN+ Will+ Str-3}
 16004 | D:11     | Noticed a two-headed ogre
 16009 | D:11     | Killed a two-headed ogre
 16010 | D:11     | Reached skill level 12 in Axes
 16275 | D:11     | Noticed Snorg
 16281 | D:11     | Killed Snorg
 16571 | D:11     | Noticed Urug
 16581 | D:11     | Killed Urug
 17031 | D:11     | Found a staircase to the Orcish Mines.
 17053 | D:11     | Found a roughly hewn altar of Beogh.
 17387 | Lair:1   | Entered Level 1 of the Lair of Beasts
 17947 | Lair:1   | Reached skill level 13 in Axes
 18208 | Lair:1   | Identified the +0 plate armour "Ebettow" {rElec}
 19502 | Lair:1   | Found a runed translucent gate.
 19502 | Lair:1   | Found a runed translucent gate.
 19502 | Lair:1   | Found a runed translucent gate.
 19502 | Lair:1   | Noticed Gadrel's ghost (novice CoFE)
 19503 | Lair:1   | Noticed Vadun's ghost (journeyman MiMo)
 19956 | Lair:1   | Reached skill level 10 in Maces & Flails
 20214 | Lair:2   | Found a shimmering altar of Xom.
 20386 | Lair:2   | Reached XP level 13. HP: 89/101 MP: 13/13
 21046 | Lair:2   | Found a staircase to the Shoals.
 21437 | Lair:2   | Found a staircase to the Snake Pit.
 22613 | Lair:3   | Found a snail-covered altar of Cheibriados.
 25249 | Lair:4   | Slain by an elephant

Illustrated notes

Levels and vault maps discovered:
D:1:      lightli_arrival_lavapool, layout_loops_cross, minivault_11
D:2:      layout_loops_ring, serial_shops, shop, nrook_mini_backslash,
          minmay_splitting_lines
D:3:      layout_loops_ring, gammafunk_temple_overflow_wave, bh_walls_and_bars
D:4:      layout_loops_ring, minmay_temple_entry_tees
D:5:      layout_loops_ring, chequers_temple_overflow_minitemple,
          nicolae_tso_besieged_by_evil, gammafunk_ghost_smash,
          hangedman_decor_riveting, serial_bayou_lake_a
D:6:      layout_gridville, vehumet_altar_wand_db, makhleb_altar_promises_db
D:7:      layout_cave_pools, nicolae_shop_vocational
D:8:      layout_gridville, erik_lair_orcish_takeover, minmay_joined_circles
D:9:      minmay_inner_zag, layout_loops_ring, kennysheep_ying_yang, uniq_pikel
D:10:     layout_long_grid, kennysheep_generic_room_13, uniq_lodul
D:11:     layout_long_grid, minmay_orc_entry_temple_small, minivault_14,
          uniq_snorg, uniq_urug
Temple:   jpeg_temple_alley_garden
Lair:1:   layout_loops_ring, gammafunk_ghost_cemetery,
          infiniplex_staircase_pool_2
Lair:2:   layout_small_grid, nicolae_shoals_entry_flooding,
          minmay_snake_entry_six_corridors, basic_altar, beast_lair_carwin_8
Lair:3:   layout_cave_pods, chequers_serial_rivers_micro_b,
          chequers_serial_rivers_micro_a, kennysheep_snail_temple
Lair:4:   layout_loops_ring, grunt_forest_stairs_basic,
          grunt_forest_small_clearing_treed, grunt_megastairs_4

Skill      XL: |  1  2  3  4  5  6  7  8  9 10 11 12 13 |
---------------+----------------------------------------+-----
Short Blades   | 1 2 3 |  3.0
Armour         | 2 3 4 6 8 9 |  9.3
Evocations     | 3 4 6 |  6.9
Axes           | 5 7 9 11 13 | 13.2
Maces & Flails | 9 10 12 | 12.3
Fighting       | 4 6 8 |  8.2
Dodging        | |  2.6

Action                     |  1- 3 |  4- 6 |  7- 9 | 10-12 | 13-15 || total
---------------------------+-------+-------+-------+-------+-------++-------
  Melee: Hand axe          |    66 |    88 |    61 |   293 |    59 ||   567
         Rapier            |    35 |    86 |   124 |       |       ||   245
         War axe           |       |       |    78 |       |       ||    78
         Morningstar       |       |       |       |   290 |   191 ||   481
         Flail             |       |       |       |       |   129 ||   129
  Throw: Javelin           |     7 |    32 |    14 |    27 |    19 ||    99
 Invoke: Curse Item        |       |     2 |     3 |     1 |     3 ||     9
         Shatter the Chain |       |       |     1 |     3 |     1 ||     5
  Evoke: Wand              |       |       |    23 |     6 |     5 ||    34
    Use: Scroll            |       |    10 |     1 |     3 |     7 ||    21
         Potion            |       |     1 |     4 |     4 |    10 ||    19
   Stab: Invisible         |       |       |     2 |       |       ||     2
         Distracted        |       |       |       |     1 |       ||     1
 Armour: Robe              |    28 |       |       |       |       ||    28
         Scale mail        |    26 |    62 |    74 |       |       ||   162
         Chain mail        |       |       |    49 |   196 |       ||   245
         Plate armour      |       |       |       |    67 |   212 ||   279
  Dodge: Dodged            |    50 |    50 |    90 |   131 |    46 ||   367

Table legend: (Time is in decaauts)
 A = Elapsed time spent in this place.
 B = Non-inter-level travel time spent in this place.
 C = Inter-level travel time spent in this place.
 D = Time resting spent in this place.
 E = Time spent auto-exploring this place.
 F = Levels seen in this place.
 G = Mean time per level.
                   A        B        C        D        E       F      G
               +--------+--------+--------+--------+--------+-----+--------+
         Total |  25244 |  24549 |    695 |  12726 |   8553 |  16 | 1577.8 |
       Dungeon |  18141 |  17568 |    573 |   9056 |   6093 |  11 | 1649.2 |
        Temple |      1 |      1 |      0 |      0 |      0 |   1 |    1.0 |
          Lair |   7101 |   6979 |    122 |   3670 |   2460 |   4 | 1775.2 |
               +--------+--------+--------+--------+--------+-----+--------+

Top non-repeatable levels by time:
     D:8: 2694 daAuts
  Lair:3: 2532 daAuts
  Lair:2: 2139 daAuts
     D:5: 2032 daAuts
  Lair:1: 2025 daAuts
    D:10: 2013 daAuts
     D:9: 1873 daAuts
     D:2: 1682 daAuts
    D:11: 1551 daAuts
     D:4: 1402 daAuts
     D:6: 1334 daAuts
     D:1: 1304 daAuts
     D:7: 1223 daAuts
     D:3: 1029 daAuts
  Lair:4: 403 daAuts
